 Dungeon Crawl Stone Soup version 0.30.1-4-g462c640d31 (webtiles) character file.

Game seed: 17210756099027333439

23728 MKJORY the Grappler (level 12, -10/125 (128) HPs)
             Began as a Troll Gladiator on Sept 10, 2023.
             Was an Elder of Okawaru.
             Mangled by an orc warrior
             ... wielding a +0 battleaxe
              (22 damage)
             ... on level 2 of the Orcish Mines.
             The game lasted 01:06:38 (13265 turns).

MKJORY the Grappler (Troll Gladiator)              Turns: 13265, Time: 01:06:50

HP:   -10/125 (128) AC: 16    Str: 29    XL:     12   Next: 74%
MP:   14/15         EV:  9    Int: 10    God:    Okawaru [****..]
Gold: 1131          SH:  0    Dex: 11    Spells: 11/11 levels left

rFire   + +          .
                       - Unarmed
rCold   x . .        (no shield)
rNeg    . . .        V - +1 acid dragon scales
rPois   +            b - +0 hat
rElec   .            I - +2 cloak
rCorr   +            (gloves unavailable)
SInv    .            (boots unavailable)
Will    .....        X - amulet "Xatot" {Faith rPois rF+} Stlth
                     o - ring of fire
HPRegen 1.20/turn    S - +6 ring of intelligence
MPRegen 0.14/turn

%: faith
@: confused, finesse-ful, ambrosia-drunk, spiked, lightly drained
A: large, unfitting armour, claws 3, regeneration 1, shaggy fur 2, tough skin 1,
iridescent scales 1
a: Renounce Religion, Heroism, Finesse


You were on level 2 of the Orcish Mines.
You worshipped Okawaru.
Okawaru was greatly pleased with you.
You visited 3 branches of the dungeon, and saw 14 of its levels.

You collected 1441 gold pieces.
You spent 310 gold pieces at shops.

Inventory:

Hand Weapons
 J - a +0 giant spiked club
Missiles
 c - 9 throwing nets
 x - 12 boomerangs
 C - 2 large rocks
 G - a javelin (quivered)
 T - 26 poisoned darts
Armour
 a - a +0 robe
 b - a +0 hat (worn)
 d - a +1 robe of positive energy
 I - a +2 cloak (worn)
 V - +1 acid dragon scales (worn)
Jewellery
 o - a ring of fire (left claw)
 S - a +6 ring of intelligence (right claw)
 X - the amulet "Xatot" (around neck) {Faith rPois rF+}
   (You found it on level 11 of the Dungeon)

   [amulet of faith]

   It allows you to gain divine favour quickly.
   rF:        It protects you from fire.
   rPois:     It protects you from poison.
 Z - a ring of positive energy
Wands
 t - a wand of charming (21)
 K - a wand of acid (10)
 L - a wand of roots (1)
 N - a wand of flame (13)
 P - a wand of polymorph (7)
Scrolls
 m - a scroll of fear {unknown}
 n - 5 scrolls of magic mapping
 p - a scroll of poison
 q - 4 scrolls of blinking
 s - a scroll of silence {unknown}
 v - 2 scrolls of noise {unknown}
 w - a scroll of fog {unknown}
 y - a scroll of amnesia {unknown}
 A - a scroll of vulnerability {unknown}
 B - 3 scrolls of enchant weapon {unknown}
 D - 3 scrolls of enchant armour
 E - 2 scrolls of summoning {unknown}
 F - 4 scrolls of teleportation {unknown}
 O - 3 scrolls of identify
 W - a scroll of brand weapon {unknown}
 Y - a scroll of immolation
Potions
 e - a potion of ambrosia
 f - a potion of magic
 g - 5 potions of flight
 h - 3 potions of attraction
 i - 2 potions of haste
 j - a potion of brilliance
 l - a potion of degeneration
 u - 4 potions of lignification
 z - 3 potions of might {unknown}
 H - a potion of invisibility
 M - 2 potions of berserk rage {unknown}
Miscellaneous
 k - a condenser vane
 Q - a phial of floods
 R - a box of beasts


   Skills:
 * Level 10.8 Fighting
 + Level 8.5 Throwing
 + Level 4.4 Armour
 - Level 2.4 Dodging
 * Level 13.0 Unarmed Combat
 + Level 5.9 Invocations


You had 11 spell levels left.
You didn't know any spells.
Your spell library contained the following spells:

 Spells                   Type           Power      Damage    Failure   Level
 Blink                    Tloc           0%         N/A       56%         2
 Cigotuvi's Dreadful Rot  Necr/Pois/Air  0%         N/A       56%         2
 Lesser Beckoning         Tloc           0%         N/A       56%         2
 Momentum Strike          Conj/Tloc      0%         3d8       56%         2
 Gell's Gravitas          Tloc           0%         N/A       80%         3
 Ignite Poison            Fire/Tmut/Pois 0%         N/A       80%         3
 Teleport Other           Tloc           0%         N/A       80%         3
 Passage of Golubria      Tloc           0%         N/A       99%         4
 Freezing Cloud           Conj/Ice/Air   0%         6-21      100%        5
 Yara's Violent Unravell  Hex/Tmut       0%         3d3       100%        5
 Tukima's Dance           Hex            Unusable   N/A       N/A         3

Dungeon Overview and Level Annotations

Branches:
Dungeon (11/15)            Temple (1/1) D:5            Lair (0/5) D:9
    Orc (2/2) D:11            Elf (0/3) Orc:2

Altars:
Ashenzari
Cheibriados
Dithmenos
Elyvilon
Fedhas
Gozag
Hepliaklqana
Kikubaaqudgha
Makhleb
Nemelex Xobeh
Okawaru
Qazlal
Ru
Sif Muna
Trog
Uskayaw
Vehumet
Wu Jian
Xom
Yredelemnul
Zin
The Shining One

Shops:
D:6 !   Orc:2 *?

Annotations:
Orc:2 3 runed translucent doors, Sensen's ghost, journeyman DESu; ripuliukko's ghost, adept DEEE


Innate Abilities, Weirdness & Mutations

You are too large for most types of armour.
You have claws for hands.
Your natural rate of healing is unusually fast.
You are covered in thick fur. (AC +2)
You have tough skin. (AC +1)
You are partially covered in iridescent scales. (AC +2)


Message History

You claw the orc high priest!
The orc high priest is severely wounded.
The red devil disappears in a puff of smoke!
You closely miss the orc high priest.
The orc high priest is severely wounded.
You closely miss the orc high priest. Your claw misses the orc high priest.
The orc high priest is severely wounded.
The soul eater hits you.
* * * LOW HITPOINT WARNING * * *
You feel drained.
* * * LOW HITPOINT WARNING * * *
The orc high priest calls upon Beogh to heal the orc priest.
The orc priest's wounds heal themselves!
The orc warrior hits you with a +0 battleaxe!
* * * LOW HITPOINT WARNING * * *
The orange demon stings you but does no damage.
You scratch the orc high priest.
The orc high priest is severely wounded.
You scratch the orc high priest but do no damage.
The orc high priest is severely wounded.
You feel like a meek peon again.
You scratch the orc high priest. You claw the orc high priest!
The orc high priest is almost dead.
The soul eater hits you.
* * * LOW HITPOINT WARNING * * *
The orc high priest misses you.
The orc warrior hits you but does no damage.
The orange demon stings you but does no damage.
The barbs in your skin will harm you if you move.
Continue? [Y]es or [N]o only, please.
The barbs in your skin will harm you if you move.
Continue? [Y]es or [N]o only, please.
The barbs in your skin will harm you if you move.
Continue?
Okay, then.
You are confused.
You feel invigorated. The soul eater barely misses you.
The orc high priest hits you with a +0 glaive!
* * * LOW HITPOINT WARNING * * *
The orc warrior hits you with a +0 battleaxe!!
You die...

#.#...##.####.)###...###...###...
####.....###.)###...## #o).###..
##.#####...)...o## #4o4###. ###
##....#...## #oo.### ##...#....##
#.#( # ##∩.#..)..## o(.
#.....#o4## .. ##∩.#...4o##
##...#.3o@## # ##..).#3))## ##
##.)....))## ##. ##..###)..# ##..
##..###...# #... ##..###...#
##.#.. #..# #.#.# ##.##.. #..
#...###....#. #.. #.###.......


You could see a soul eater (summoned), an orc high priest (strong), 2 orange
demons, a sixfirhy (summoned), an orc warrior (strong) and an orc priest
(strong).

Vanquished Creatures
  The ghost of Graphine the Slicer, a journeyman HuNe of Kikubaaqudgha (D:11)
  An ogre mage (D:9)
  3 two-headed ogres
  An orc high priest (Orc:2)
  A soul eater (Orc:2)
  Amaemon (D:8)
  3 orc knights (Orc:2)
  A wolf spider (D:9)
  A deep elf pyromancer (D:8)
  2 manticores (D:11)
  Maurice (D:8)
  Joseph (D:8)
  An orange demon (D:8)
  A gargoyle (D:11)
  2 kobold demonologists
  4 unseen horror zombies (D:9)
  A komodo dragon (D:10)
  A red devil (Orc:2)
  Prince Ribbit (D:8)
  2 hornets
  A hellwing (Orc:2)
  2 shadows
  3 wraiths
  13 yaks
  2 wyverns (D:9)
  2 wargs
  4 vampire mosquitoes (D:11)
  2 acid dragons
  Duvessa (D:7)
  2 water moccasins
  A black bear (D:6)
  2 ice beasts
  20 orc warriors
  A sky beast (D:7)
  7 centaurs
  8 ogres
  3 phantoms
  3 kobold brigands
  Blork the orc (D:4)
  4 bullfrogs
  2 gnoll sergeants
  A necrophage (D:9)
  7 scorpions
  14 wights
  Dowan (D:7)
  7 killer bees
  3 electric eels (D:7)
  A human zombie (D:9)
  2 jellies (D:6)
  2 centaur zombies (D:9)
  21 orc priests
  Crazy Yiuf (D:6)
  A gnoll bouda (D:4)
  3 hounds
  6 iguanas
  18 orc wizards
  3 mummies (D:9)
  23 gnolls
  12 adders
  3 shadow imps
  5 white imps
  5 worms
  3 dart slugs
  72 orcs
  10 endoplasms
  6 giant cockroaches
  6 goblins
  6 hobgoblins
  5 jackals
  4 quokkas
  8 ball pythons
  4 bats
  3 frilled lizards
  17 kobolds
  7 rats
404 creatures vanquished.

Notes
Turn   | Place    | Note
-------+----------+-------------------------------------------
     0 | D:1      | MKJORY the Troll Gladiator began the quest for the Orb.
     0 | D:1      | Reached XP level 1. HP: 19/19 MP: 0/0
   124 | D:1      | Reached XP level 2. HP: 27/28 MP: 1/1
   349 | D:1      | Reached XP level 3. HP: 34/35 MP: 2/2
   959 | D:2      | Noticed a scorpion
   975 | D:2      | Killed a scorpion
   976 | D:2      | Reached skill level 4 in Unarmed Combat
   976 | D:2      | Reached XP level 4. HP: 20/44 MP: 3/3
  1337 | D:2      | Reached XP level 5. HP: 45/53 MP: 4/4
  1812 | D:3      | Found a sacrificial altar of Ru.
  2151 | D:3      | Found a shimmering altar of Xom.
  2531 | D:3      | You fall into a shaft and drop 2 floors!
  2531 | D:5      | Entered Level 5 of the Dungeon
  2576 | D:4      | Noticed Blork the orc
  2581 | D:4      | Reached XP level 6. HP: 33/61 MP: 5/5
  3172 | D:4      | Reached skill level 5 in Unarmed Combat
  3226 | D:4      | Found a bloodstained altar of Trog.
  3239 | D:4      | Killed Blork the orc
  3618 | D:5      | Reached XP level 7. HP: 68/70 MP: 6/6
  3901 | D:5      | Reached skill level 6 in Unarmed Combat
  4069 | D:5      | Found a staircase to the Ecumenical Temple.
  4091 | D:5      | Reached skill level 5 in Fighting
  4150 | D:5      | Reached XP level 8. HP: 75/80 MP: 7/7
  4395 | Temple   | Entered the Ecumenical Temple
  4428 | Temple   | Became a worshipper of Warmaster Okawaru
  4659 | D:6      | Reached skill level 7 in Unarmed Combat
  4712 | D:6      | Reached skill level 1 in Invocations
  4736 | D:6      | Found Xuock's Distillery.
  4780 | D:6      | Bought a potion of curing for 30 gold pieces
  4780 | D:6      | Bought a potion of mutation for 80 gold pieces
  4780 | D:6      | Bought a potion of mutation for 80 gold pieces
  4780 | D:6      | Gained mutation: You are frail. (-10% HP) [potion of
                  | mutation]
  4790 | D:6      | Lost mutation: You are frail. (-10% HP) [potion of
                  | mutation]
  4790 | D:6      | Gained mutation: You occasionally shout uncontrollably at
                  | your foes. [potion of mutation]
  5212 | D:6      | Found a runed translucent door.
  5213 | D:6      | Noticed Crazy Yiuf
  5350 | D:6      | Killed Crazy Yiuf
  5449 | D:6      | Reached * piety under Okawaru
  5491 | D:6      | Reached XP level 9. HP: 84/89 MP: 9/9
  5500 | D:6      | Reached skill level 5 in Throwing
  5502 | D:6      | Reached skill level 8 in Unarmed Combat
  5689 | D:6      | Lost mutation: You occasionally shout uncontrollably at
                  | your foes. [potion of mutation]
  5689 | D:6      | Gained mutation: You are frail. (-10% HP) [potion of
                  | mutation]
  5689 | D:6      | Gained mutation: You occasionally lose the ability to read
                  | scrolls when taking damage. [potion of mutation]
  5689 | D:6      | Gained mutation: Your muscles are strong. (Str +4, Int/Dex
                  | -1) [potion of mutation]
  5689 | D:6      | Gained mutation: You are partially covered in iridescent
                  | scales. (AC +2) [potion of mutation]
  5864 | D:7      | Noticed Dowan
  5865 | D:7      | Noticed Duvessa
  5873 | D:7      | Killed Duvessa
  5873 | D:7      | Reached ** piety under Okawaru
  5878 | D:7      | Killed Dowan
  5970 | D:7      | Noticed a two-headed ogre
  5989 | D:7      | Killed a two-headed ogre
  5990 | D:7      | Reached skill level 9 in Unarmed Combat
  6416 | D:7      | Reached XP level 10. HP: 85/91 MP: 11/11
  7056 | D:8      | Reached *** piety under Okawaru
  7095 | D:8      | Noticed a deep elf pyromancer
  7105 | D:8      | Killed a deep elf pyromancer
  7194 | D:8      | Noticed Joseph
  7206 | D:8      | Noticed Amaemon
  7213 | D:8      | Noticed an orange demon
  7215 | D:8      | Killed Joseph
  7215 | D:8      | Received a gift from Okawaru
  7216 | D:8      | Reached skill level 10 in Unarmed Combat
  7221 | D:8      | Killed Amaemon
  7221 | D:8      | Reached **** piety under Okawaru
  7225 | D:8      | Killed an orange demon
  7359 | D:8      | Noticed Prince Ribbit
  7369 | D:8      | Killed Prince Ribbit
  7452 | D:8      | Found an ancient bone altar of Kikubaaqudgha.
  7573 | D:8      | Noticed Maurice
  7578 | D:8      | Killed Maurice
  7616 | D:8      | Reached skill level 5 in Invocations
  8010 | D:9      | Received a gift from Okawaru
  8014 | D:9      | Noticed a boulder beetle
  8023 | D:9      | Reached XP level 11. HP: 78/101 MP: 13/13
  8091 | D:9      | Reached ***** piety under Okawaru
  8096 | Arena    | Entered the Arena
  8131 | D:9      | Reached skill level 1 in Armour
  8785 | D:9      | Noticed a two-headed ogre
  8789 | D:9      | Reached skill level 11 in Unarmed Combat
  8793 | D:9      | Killed a two-headed ogre
  8936 | D:9      | Noticed an ogre mage
  8940 | D:9      | Noticed a wolf spider
  8941 | D:9      | Killed an ogre mage
  8944 | D:9      | Killed a wolf spider
  8949 | D:9      | Found the +5 glaive of the Guard {elec, spectral, AC+5}
  8952 | D:9      | Identified the +1 plate armour of Indecent Exposure {rN+}
  8964 | D:9      | Identified the staff of earth "Tumy Afo" {rElec Dex+4
                  | Stlth-}
  9139 | D:9      | Found a staircase to the Lair.
  9187 | D:9      | Found a basalt altar of Yredelemnul.
  9245 | D:9      | Received a gift from Okawaru
  9281 | D:9      | Found a white marble altar of Elyvilon.
  9536 | D:10     | Entered Level 10 of the Dungeon
  9924 | D:10     | Lost mutation: You are frail. (-10% HP) [potion of
                  | mutation]
  9924 | D:10     | Lost mutation: You occasionally lose the ability to read
                  | scrolls when taking damage. [potion of mutation]
  9924 | D:10     | Lost mutation: Your muscles are strong. (Str +4, Int/Dex
                  | -1) [potion of mutation]
  9924 | D:10     | Gained mutation: You are covered in thick fur. (AC +2)
                  | [potion of mutation]
 10011 | D:10     | Reached skill level 12 in Unarmed Combat
 10478 | D:11     | Noticed a two-headed ogre
 10480 | D:11     | Found a staircase to the Orcish Mines.
 10484 | D:11     | Killed a two-headed ogre
 10485 | D:11     | Reached skill level 10 in Fighting
 10486 | D:11     | Reached XP level 12. HP: 126/126 MP: 6/14
 10746 | D:11     | Found a hide-covered altar of Uskayaw.
 10836 | D:11     | Identified the amulet "Xatot" {Faith rPois rF+}
 11149 | D:11     | Found a runed translucent door.
 11153 | D:11     | Noticed Graphine's ghost (journeyman HuNe)
 11281 | D:11     | Killed Graphine's ghost
 11281 | D:11     | Received a gift from Okawaru
 11331 | D:11     | Identified the staff of cold "Vokol" {rC+ Dex+3}
 11497 | Orc:1    | Entered Level 1 of the Orcish Mines
 11611 | Orc:2    | Entered Level 2 of the Orcish Mines
 11611 | Orc:2    | Found a staircase to the Elven Halls.
 12207 | Orc:2    | Found a runed translucent gate.
 12208 | Orc:2    | Found a runed translucent gate.
 12209 | Orc:2    | Found a runed translucent gate.
 12214 | Orc:2    | Noticed Sensen's ghost (journeyman DESu)
 12214 | Orc:2    | Noticed ripuliukko's ghost (adept DEEE)
 12265 | Orc:2    | Found Forofosk's General Store.
 12661 | Orc:2    | Found Baguste's Magic Scroll Boutique.
 12682 | Orc:2    | Received a gift from Okawaru
 12725 | Orc:2    | Bought a scroll of enchant armour for 120 gold pieces
 13212 | Orc:2    | Noticed an orc high priest
 13213 | Orc:2    | Noticed an orc high priest
 13221 | Orc:2    | Noticed an orc high priest
 13244 | Orc:2    | Killed an orc high priest
 13245 | Orc:2    | Reached skill level 13 in Unarmed Combat
 13265 | Orc:2    | Mangled by an orc warrior

Illustrated notes

Levels and vault maps discovered:
D:1:      evilmike_arrival_hilbert_curve, layout_basic, minmay_tromino_mix6
D:2:      layout_loops_ring
D:3:      layout_basic, tgw_xom, nicolae_ru_path_of_blood, dk_noncrumbling_2,
          minmay_misc_feat_four_crosses, st_stairs_13
D:4:      layout_basic, mainiacjoe_overflow_brackets, uniq_blork_the_orc
D:5:      layout_loops_ring, minmay_temple_entry_large_hall,
          nicolae_fountain_basement
D:6:      layout_rooms, serial_shops, nicolae_shop_industrial_runoff,
          serial_bayou_pond_a, nzn_random_ring, uniq_crazy_yiuf_cottage
D:7:      wad_lake_hut, layout_basic, uniq_duvessa
D:8:      layout_basic, nicolae_overflow_crystal_walls, kb_rosetta, uniq_joseph,
          uniq_prince_ribbit1, uniq_amaemon, uniq_maurice
D:9:      minmay_the_grid_four_pointed_star
          [minmay_the_grid_triangle_9x9_shrine,
          minmay_the_grid_triangle_9x9_corruption,
          minmay_the_grid_triangle_9x9_zippers_vertical,
          minmay_the_grid_triangle_9x9_skeleton,
          minmay_the_grid_prize_diamond_cup], layout_cross,
          lemuel_mausoleum_altar_yredelemnul, lemuel_doored_altar,
          grunt_ogre_cave, wad_dig_loot
D:10:     layout_irregular_city
D:11:     layout_roguey, minmay_orc_entry_temple_small,
          ebering_ghost_inner_flame, eat_drink_and_be_merry_uskayaw
Temple:   nicolae_temple_elliptical
Orc:1:    layout_diamond_mine, nicolae_shop_gadgets
Orc:2:    pf_orc_diabolical, layout_caves, gammafunk_ghost_cemetery,
          minmay_orc_keep

Skill      XL: |  1  2  3  4  5  6  7  8  9 10 11 12 |
---------------+-------------------------------------+-----
Throwing       | 2 3 4 5 6 7 8 |  8.5
Fighting       | 2 3 4 5 6 7 8 10 | 10.8
Unarmed Combat | 4 5 6 7 9 10 12 13 | 13.0
Invocations    | 2 3 5 |  5.9
Armour         | 3 4 |  4.4
Dodging        | |  2.4

Action                     |  1- 3 |  4- 6 |  7- 9 | 10-12 || total
---------------------------+-------+-------+-------+-------++-------
  Melee: Unarmed           |    93 |   146 |   258 |   580 ||  1077
         Punch             |       |     3 |     9 |    40 ||    52
  Throw: Large rock        |     1 |     1 |     3 |     9 ||    14
         Boomerang         |       |       |     3 |       ||     3
         Javelin           |       |       |    12 |    46 ||    58
         Throwing net      |       |       |       |     3 ||     3
 Invoke: Heroism           |       |       |     1 |    14 ||    15
         Finesse           |       |       |       |     4 ||     4
         Duel              |       |       |       |     1 ||     1
    Use: Potion            |       |       |     3 |    13 ||    16
         Scroll            |       |       |       |    10 ||    10
   Stab: Sleeping          |       |     2 |       |       ||     2
         Held in net/web   |       |       |       |     1 ||     1
 Armour: Robe              |    22 |    33 |    87 |   158 ||   300
         Acid dragon scale |       |       |       |   148 ||   148
  Dodge: Dodged            |    63 |    63 |   118 |   318 ||   562
